 Dungeon Crawl Stone Soup version 0.18.1-8-gdd0e5ea (webtiles) character file.

11 Northaan the Skirmisher (level 2, 24/24 HPs)
             Began as a Merfolk Fighter on May 30, 2016.
             Was a Follower of Kikubaaqudgha.
             Quit the game on level 2 of the Dungeon.
             The game lasted 00:00:55 (880 turns).

Northaan the Skirmisher (Merfolk Fighter)            Turns: 880, Time: 00:00:56

Health: 24/24      AC:  8    Str: 19    XL:     2   Next: 29%
Magic:  2/2        EV:  5    Int:  7    God:    Kikubaaqudgha [*.....]
Gold:   49         SH:  9    Dex: 13    Spells: 0 memorised, 1 level left

rFire  . . .     SeeInvis .     a - +0 trident
rCold  . . .     Gourm    .     e - +0 chain mail
rNeg   . . .     Faith    .     c - +0 shield
rPois  .         Spirit   .     (no helmet)
rElec  .         Dismiss  .     (no cloak)
rCorr  .         Reflect  .     (no gloves)
SustAt .         Harm     .     (no boots)
MR     .....                    (no amulet)
Stlth  ..........               (no ring)
                                j - +3 ring of strength

@: not resistant to hostile enchantments, extremely unstealthy
A: change form in water, swift swim
a: Receive Corpses, Renounce Religion


You were on level 2 of the Dungeon.
You worshipped Kikubaaqudgha.
Kikubaaqudgha was aware of your devotion.
You were not hungry.

You visited 1 branch of the dungeon, and saw 2 of its levels.

You collected 49 gold pieces.

Inventory:

Hand Weapons
 a - a +0 trident (weapon)
Armour
 b - a +0 scale mail
 c - a +0 shield (worn)
 e - a +0 chain mail (worn)
Jewellery
 j - a +3 ring of strength (left hand)
Scrolls
 h - 4 scrolls of remove curse {unknown}
Potions
 d - a potion of might
 i - a potion of heal wounds {unknown}
Books
 k - Kikubaaqudgha's Disquisition on Stolen Souls
   (Kikubaaqudgha gifted it to you on level 2 of the Dungeon)

   Spells                             Type                      Level
   a - Pain                           Necromancy                   1
   b - Corpse Rot                     Necromancy                   2
   c - Sublimation of Blood           Necromancy                   2
   d - Vampiric Draining              Necromancy                   3
   e - Control Undead                 Necromancy                   4
Comestibles
 f - a bread ration
 g - 7 fruits


   Skills:
 * Level 3.5 Fighting
 + Level 3.3 Polearms
 - Level 2.1 Armour
 * Level 3.3 Shields


You had one spell level left.
You didn't know any spells.

Dungeon Overview and Level Annotations

Branches:
Dungeon (2/15)

Altars:
Kikubaaqudgha
Pakellas


Message History

No target in view!
No target in view!
No target in view!
No target in view!
No target in view!
No target in view!
No target in view!
Found an escape hatch in the ceiling.
There is a faded altar to an unknown god here.
This altar will convert you to a god.
You cannot discern which.
Do you pray?
Okay, then.
This altar will convert you to a god.
You cannot discern which.
Do you pray? Kikubaaqudgha accepts your prayer! Kikubaaqudgha welcomes you!
You can now receive cadavers from Kikubaaqudgha.
Kikubaaqudgha grants you a gift! k - Kikubaaqudgha's Disquisition on Stolen Souls
There is an ancient bone altar of Kikubaaqudgha here.
Okay, then.
Are you sure you want to abandon this character and quit the game? (Confirm with "yes".)

#.# #.# #.#.......+ #.#
#.#.......# #.#
#.#.......## #.#
#.#........## #.#
#.#.........# #.#
#.#<....8...# #.# #.#
#..8.8..# #.# ## #.#
#.8.@.8.#.#.# #. #.#
#..8.8....#.########.
#.#.#...8$....#........#.
#.#.#.......##########.#.
. #.#.....†...... #.#.
... #.###.###....... #.#.
#....#.###.###.......
#.##
......................
#.##
###.###.###..##.......
#.##


There were no monsters in sight!

Vanquished Creatures
  2 dart slugs
  2 hobgoblins (D:1)
  3 giant newts (D:1)
  A kobold (D:1)
  A rat (D:1)
9 creatures vanquished.

Notes
Turn   | Place    | Note
--------------------------------------------------------------
     0 | D:1      | Northaan the Merfolk Fighter began the quest for the Orb.
     0 | D:1      | Reached XP level 1. HP: 18/18 MP: 1/1
   326 | D:1      | Reached XP level 2. HP: 22/24 MP: 2/2
   781 | D:2      | Found an oddly glowing altar of Pakellas.
   865 | D:2      | Found a faded altar to an unknown god.
   877 | D:2      | Became a worshipper of Kikubaaqudgha
   877 | D:2      | Reached * piety under Kikubaaqudgha
   877 | D:2      | Received a gift from Kikubaaqudgha
   879 | D:2      | Identified Kikubaaqudgha's Disquisition on Stolen Souls (Kikubaaqudgha gifted it to you on level 2 of the Dungeon)
   880 | D:2      | Quit the game

Action                   || total
-------------------------++-------
Melee: Trident           ||    23
Armor: Chain mail        ||     4
       Scale mail        ||     3
Dodge: Dodged            ||     4
Block: Shield            ||     2
